[Event "Early-Titled-Tuesday-Blitz-February-06-2024"]
[Site "Chess.com"]
[Date "2024.02.06"]
[Round "9"]
[White "Karttunen"]
[Black "LornerAcosta"]
[Result "0-1"]
[WhiteElo "2661"]
[BlackElo "2517"]
[TimeControl "180+1"]
[EndTime "9:45:15 PST"]
[Termination "LornerAcosta won by resignation"]

1. c4 Nf6 2. Nc3 e6 3. e4 d5 4. cxd5 exd5 5. e5 Nfd7 6. Nf3 c6 7. d4 Be7 8. Bd3 f6 9. Qc2 fxe5 10. Nxe5 Nxe5 11.
dxe5 g6 12. h4 Be6 13. h5 gxh5 14. Rxh5 Kd7 15. Be3 h6 16. O-O-O Qg8 17. g3 Bg4 18. Bf5+ Ke8 19. Bxg4 Qxg4 20. Rxh6 Rxh6 21. Bxh6 Nd7 22.
Bf4 Nc5 23. Qh7 Kd7 24. e6+ Nxe6 25. Nxd5 cxd5 26. Rxd5+ Ke8 27. Qh8+ Nf8 28. Kd2 Rd8 29. Rxd8+ Kxd8 30. Qd4+ Qd7 31. Qxd7+ Kxd7 32. Be3 a6 33.
f4 Ke6 34. g4 Bf6 35. b3 Kd5 36. Kd3 Ne6 37. f5 Ng5 38. Bf4 Ne4 39. Be3 b5 40. a4 Nc5+ 41. Kc2 bxa4 42. bxa4 Nxa4 43. g5 Be5 44. g6 Nc5 45. Bh6 Nd7 46. Bg5 Ke4 47. f6 Bxf6 48. Bd2 Kf5 49. Kb3 Kxg6 50. Ka4 Bd8 51. Be3 Kf5 52. Bd4 Ke6 53. Be3 Kd5 54. Bf2 Nc5+ 55. Kb4 Nd3+ 0-1

[Event "Early-Titled-Tuesday-Blitz-February-06-2024"]
[Site "Chess.com"]
[Date "2024.02.06"]
[Round "9"]
[White "LyonBeast"]
[Black "GHANDEEVAM2003"]
[Result "1-0"]
[WhiteElo "3167"]
[BlackElo "3041"]
[TimeControl "180+1"]
[EndTime "9:45:16 PST"]
[Termination "LyonBeast won by resignation"]

1. e4 c6 2. d4 d5 3. e5 Bf5 4. Nf3 e6 5. Be2 c5 6. Be3 cxd4 7. Nxd4 Ne7 8. c3 Nbc6 9. Qa4 Qd7 10. O-O Nxe5 11.
Bb5 N5c6 12. c4 Rc8 13. Nc3 a6 14. Bxc6 bxc6 15. Rad1 Bg6 16. Qxa6 Nf5 17. Nxf5 Bxf5 18. Na4 Rb8 19. cxd5 exd5 20. Rfe1 Qb7 21. Qe2 Be6 22. Bd4 Qb5 23. Qe5 Kd7 24. Nc3 Qb4 25. Ne4 Re8 26. a3 Qb8 27. Qg5 h6 28. Qc1 Rg8 29. Nc5+ Bxc5 30. Qxc5 Qb7 31. Rc1 f6 32. Re3 Bf5 33. Rce1 Rxe3 34. Rxe3 Re8 35. h3 Rxe3 36. fxe3 Be4 37. Qf8 Ke6 38. Qe8+ Kd6 39. b4 Qd7 40.
Bc5+ Kc7 41. Qa8 Qc8 42. Bb6+ Kd7 43. Qa7+ Ke6 44. Qxg7 Qd7 45. Qg8+ Qf7 46. Qg3 f5 47. Bd4 f4 48. exf4 Qg6 49. Qxg6+ Bxg6 50. g4 Bd3 51. f5+ Kf7 52. Kf2 Bb5 53. Kg3 Bf1 54. a4 Bd3 55. a5 1-0

[Event "Early-Titled-Tuesday-Blitz-February-06-2024"]
[Site "Chess.com"]
[Date "2024.02.06"]
[Round "9"]
[White "Felix-Rose"]
[Black "BestestBP"]
[Result "0-1"]
[WhiteElo "2370"]
[BlackElo "2263"]
[TimeControl "180+1"]
[EndTime "9:45:16 PST"]
[Termination "BestestBP won by resignation"]

1. d4 Nf6 2. Bf4 d5 3. Nc3 e6 4. Nb5 Na6 5. e3 c6 6. Nc3 Bd6 7. Bxd6 Qxd6 8. Bxa6 bxa6 9. Nf3 O-O 10. O-O c5 11.
Na4 Ne4 12. dxc5 Nxc5 13. Nxc5 Qxc5 14. c3 Rb8 15. Qe2 Bd7 16. Rfd1 Bb5 17. Qd2 h6 18. h4 Rfc8 19. Qd4 Be2 20. Rd2 Bxf3 21. gxf3 Qe7 22.
Kh2 Rc4 23. Qe5 Qxh4+ 24. Kg2 Qg5+ 25. Qxg5 hxg5 26. Kg3 Kh7 27. a4 Rb3 28. a5 Kg6 29. Ra2 Rc5 30. Rd4 Rcb5 31. Rd2 Kf5 32. Kg2 Ke5 33. Kg3 f5 34. Kg2 f4 35. Kh3 Kf5 36. Kg2 Rc5 37. Rd4 Rbb5 38. e4+ dxe4 39. fxe4+ Kg4 40.
f3+ Kh4 41. Rda4 g4 42. fxg4 Kxg4 43. Kf2 Rb8 44. Ra1 Rxb2+ 45. Kg1 Kg3 46. c4 f3 47. R4a3 Rh5 48. R3a2 f2+ 0-1

[Event "Early-Titled-Tuesday-Blitz-February-06-2024"]
[Site "Chess.com"]
[Date "2024.02.06"]
[Round "9"]
[White "tetrix83"]
[Black "Gabrielian_Artur"]
[Result "0-1"]
[WhiteElo "2585"]
[BlackElo "2760"]
[TimeControl "180+1"]
[EndTime "9:45:17 PST"]
[Termination "Gabrielian_Artur won on time"]

1. e4 c5 2. Nf3 d6 3. Bb5+ Bd7 4. Bxd7+ Qxd7 5. O-O Nc6 6. c3 Nf6 7. d4 Nxe4 8. d5 Nd8 9. Re1 Nf6 10. Bg5 e6 11.
Bxf6 gxf6 12. Nbd2 Be7 13. Qc2 e5 14. Nh4 Ne6 15. dxe6 fxe6 16. c4 f5 17. Nhf3 Rg8 18. Rad1 Qc6 19. Re3 e4 20. Ne1 O-O-O 21. a3 Bg5 22.
Rh3 h6 23. b4 Kb8 24. Nf1 cxb4 25. axb4 d5 26. cxd5 exd5 27. Rc3 Qd6 28. Ne3 Qe5 29. Rc5 Bxe3 30. fxe3 b6 31. Rc6 d4 32. exd4 Rxd4 33.
Rc1 Rdd8 34. Rc7 Qd4+ 35. Kh1 Qd6 36. Qa2 Qxc7 37. Rxc7 Kxc7 38. Qxa7+ Kc6 39. Qa4+ Kd5 40. h3 f4 41. Nc2 e3 42. Qb5+ Ke4 43. Qc4+ Ke5 44.
Qc3+ Ke4 45. Qc6+ Ke5 46. Qc7+ Ke4 47. Qxb6 Kd3 48. Qc5 Ke2 49. Qc4+ Kf2 50. Nd4 f3 51. Qc1 e2 52. Nxf3 Rxg2 0-1

[Event "Early-Titled-Tuesday-Blitz-February-06-2024"]
[Site "Chess.com"]
[Date "2024.02.06"]
[Round "9"]
[White "ilushka"]
[Black "KhungThep"]
[Result "1-0"]
[WhiteElo "2437"]
[BlackElo "2572"]
[TimeControl "180+1"]
[EndTime "9:45:17 PST"]
[Termination "ilushka won by resignation"]

1. Nf3 Nf6 2. g3 g6 3. b3 Bg7 4.
Bb2 O-O 5. Bg2 d6 6. d4 Nc6 7. O-O e5 8. dxe5 Nd7 9. c4 Ndxe5 10. Nc3 Nxf3+ 11. exf3 a5 12. Qd2 Be6 13. f4 Re8 14.
Rfe1 Nb4 15. Bxb7 Rb8 16. Bg2 a4 17. Nxa4 Bxb2 18. Nxb2 Bf5 19. Rxe8+ Qxe8 20. Re1 Qd7 21. Na4 c5 22. Nc3 Nc2 23. Rc1 Nd4 24. Nd5 Qd8 25. Qe3 Be6 26. Rd1 Bxd5 27. Bxd5 Qf6 28. Kg2 h5 29. h4 Kg7 30. Qe4 Rb6 31. Rd2 Ra6 32.
Qe8 Ra7 33. Qe4 Re7 34. Qd3 Re1 35. b4 Qd8 36. Qc3 Re8 37. bxc5 dxc5 38. a4 Qd6 39. a5 Re7 40. Rb2 Ra7 41. Rb6 Qd8 42. Qb2 Kg8 43. a6 Kg7 44. Rb7 Rxa6 45. Rxf7+ Kh6 46. Qb7 Qh8 47. Qxa6 Nf5 48. Qf6 Qxf6 49. Rxf6 Kg7 50.
Rc6 Nd4 51. Rxc5 1-0

[Event "Early-Titled-Tuesday-Blitz-February-06-2024"]
[Site "Chess.com"]
[Date "2024.02.06"]
[Round "9"]
[White "SpongeBob_03"]
[Black "Asteroxylon"]
[Result "1-0"]
[WhiteElo "2228"]
[BlackElo "2354"]
[TimeControl "180+1"]
[EndTime "9:45:17 PST"]
[Termination "SpongeBob_03 won on time"]

1. e4 e6 2. d4 d5 3. Nc3 Nc6 4. exd5 exd5 5. Bb5 Be6 6. Nf3 Bb4 7. O-O Ne7 8. Ne5 O-O 9. Bxc6 bxc6 10. Ne2 f6 11.
Nf4 Bf5 12. Ned3 Bd6 13. c3 Qd7 14. Re1 Rae8 15. Be3 Ng6 16. Nxg6 hxg6 17. Nc5 Qc8 18. b4 g5 19. Qa4 Bxc5 20. bxc5 Qd7 21. Qa6 Kf7 22.
a4 Rh8 23. f3 Rh6 24. Bf2 Reh8 25. Bg3 g4 26. Qxa7 gxf3 27. gxf3 Rc8 28. a5 Bd3 29. Re3 Bc4 30. Rae1 Qf5 31. Qb7 Rch8 32. Qxc7+ Kg6 33. Re7 R8h7 34. Qf4 Qxf4 35. Bxf4 Rh3 36. Bg3 Kf5 37.
Kg2 g5 38. Rxh7 Rxh7 39. Ra1 Ra7 40. Bb8 Ra8 41. Bd6 g4 42. Bc7 Be2 43. fxg4+ Kxg4 44. Bb6 Bf3+ 45. Kf2 Be4 46. a6 Bd3 47. a7 f5 48.
Re1 Kf4 49. Re7 Rh8 50. Bc7+ Kg5 51. Bb8 f4 52. Rg7+ Kf6 53. Rg2 1-0

[Event "Early-Titled-Tuesday-Blitz-February-06-2024"]
[Site "Chess.com"]
[Date "2024.02.06"]
[Round "9"]
[White "ChristopherYoo"]
[Black "Polish_fighter3000"]
[Result "1-0"]
[WhiteElo "2989"]
[BlackElo "3058"]
[TimeControl "180+1"]
[EndTime "9:45:18 PST"]
[Termination "ChristopherYoo won on time"]

1. d4 Nf6 2. Nf3 g6 3. c4 Bg7 4. g3 c6 5. Bg2 O-O 6. O-O d5 7. cxd5 cxd5 8. Ne5 Ng4 9. Bf4 Nxe5 10. Bxe5 Bh6 11.
Nc3 e6 12. e4 Nc6 13. exd5 exd5 14. Nxd5 Nxe5 15. dxe5 Bg7 16. Qe2 Re8 17. f4 Be6 18.
Rfd1 Qa5 19. b4 Qd8 20. Nf6+ Bxf6 21. Rxd8 Bxd8 22. Bxb7 Bb6+ 23. Kg2 Rad8 24. Rd1 Rxd1 25. Qxd1 Rb8 26. Qf3 Bxa2 27. Bd5 Bxd5 28. Qxd5 Rd8 29. Qa2 Rd4 30. e6 Kf8 31. exf7 Rd7 32. Qe6 Rxf7 33. h4 Kg7 34. h5 gxh5 35. Qe5+ Kg8 36. Qxh5 Bd4 37.
Qd5 Bc3 38. b5 Bf6 39. g4 h6 40. g5 hxg5 41. f5 Kg7 42. Kf3 Re7 43. Kg4 Re5 44. Qc6 Re7 45. Kh5 Re2 46. Qb7+ Re7 47. Qa8 Kf7 48. Kh6 Rd7 49. Qc8 Re7 50. Qc4+ Kf8 51.
Kg6 Be5 52. f6 Bxf6 53. Kxf6 1-0

[Event "Early-Titled-Tuesday-Blitz-February-06-2024"]
[Site "Chess.com"]
[Date "2024.02.06"]
[Round "9"]
[White "RandomNoob04"]
[Black "ValentinDragnev"]
[Result "1-0"]
[WhiteElo "2605"]
[BlackElo "2751"]
[TimeControl "180+1"]
[EndTime "9:45:19 PST"]
[Termination "RandomNoob04 won on time"]

1. e4 e5 2. d4 exd4 3. Qxd4 Nc6 4. Qe3 Nf6 5. e5 Nd5 6. Qe4 Nb6 7. Nf3 Bb4+ 8. c3 Be7 9. Bd3 d5 10. exd6 Qxd6 11.
Bf4 Qe6 12. Bxc7 Na4 13. Qxe6 Bxe6 14. b3 Nc5 15. Bb5 Rc8 16. Be5 f6 17. Bg3 a6 18.
Bxc6+ Rxc6 19. Nd4 Rc8 20. b4 Nd3+ 21. Kd2 Bc4 22. Na3 Nb2 23. Kc2 Na4 24. Nxc4 Rxc4 25. Kb3 b5 26. Ne2 Kf7 27. Rad1 Rhc8 28. Rd3 a5 29. a3 Re4 30. Nd4 h5 31. Nxb5 Nb6 32.
bxa5 Nc4 33. a6 Re2 34. Bc7 Nd2+ 35. Kc2 Nc4+ 36. Kd1 Ra2 37. Rd7 Ra1+ 38. Ke2 Rxh1 39. a7 Ra1 40. Bb8 Ra2+ 41. Kf3 Nb6 42. Rb7 Na8 43. Nd6+ Ke6 44. Nxc8 Bxa3 45. Nb6 Nxb6 46. Rxb6+ Bd6 47. a8=Q Rxa8 48. Rxd6+ Ke7 49. Rb6 Ra3 50. Bd6+ Ke6 51. Bxa3+ Kf5 52. Rb7 1-0

[Event "Early-Titled-Tuesday-Blitz-February-06-2024"]
[Site "Chess.com"]
[Date "2024.02.06"]
[Round "9"]
[White "ChEsper99"]
[Black "goodwilll"]
[Result "0-1"]
[WhiteElo "2226"]
[BlackElo "2502"]
[TimeControl "180+1"]
[EndTime "9:45:19 PST"]
[Termination "goodwilll won on time"]

1. e4 c6 2. Nc3 d5 3. Nf3 dxe4 4. Nxe4 Nf6 5. Qe2 Nxe4 6. Qxe4 Qd5 7. Qf4 Qf5 8. d3 Qxf4 9. Bxf4 f6 10. d4 Bg4 11.
Be2 Nd7 12. h3 Bf5 13. O-O-O g5 14. Be3 Nb6 15. c4 h5 16. Nh2 Kf7 17. g4 Be4 18. f3 Bg6 19. f4 gxf4 20. Bxf4 Bh6 21. Bxh6 Rxh6 22. g5 fxg5 23. Nf3 Bf5 24. Nxg5+ Kf6 25.
h4 e6 26. Rhf1 Rd8 27. b3 Rhh8 28. Kb2 Kg6 29. Kc3 Rhf8 30. Rg1 Kh6 31. Rdf1 Nd7 32.
Nf3 Bg4 33. Rg2 Rf4 34. Nh2 Rxf1 35. Nxf1 Nf6 36. Bxg4 hxg4 37. Re2 Re8 38. Ng3 Kg6 39. Re5 Nd7 40. h5+ Kf6 41. Re4 Kg5 42. Kd3 Nf6 43. Re5+ Kf4 44. Ne4 Nxe4 45. Rxe4+ Kf3 46. h6 g3 47. h7 Rh8 48. Rh4 g2 0-1

[Event "Early-Titled-Tuesday-Blitz-February-06-2024"]
[Site "Chess.com"]
[Date "2024.02.06"]
[Round "9"]
[White "FARIZA2018"]
[Black "CaspiIsrael"]
[Result "0-1"]
[WhiteElo "2525"]
[BlackElo "2672"]
[TimeControl "180+1"]
[EndTime "9:45:20 PST"]
[Termination "CaspiIsrael won on time"]

1. e4 d5 2. exd5 Qxd5 3. Nc3 Qd6 4. d4 Nf6 5. Nf3 a6 6. h3 Bf5 7. Bc4 Nc6 8. O-O e6 9. Be3 O-O-O 10. Qe2 Kb8 11. a3 Nd5 12. Nxd5 exd5 13. Bd3 Bxd3 14. Qxd3 f6 15. b4 Ne7 16. Rfb1 Qe6 17. Bf4 g5 18. Bg3 Nc8 19. b5 a5 20. b6 Nxb6 21. Rb5 Nc4 22. Rab1 b6 23. Nd2 Bd6 24. Nxc4 dxc4 25. Qf3 Bxg3 26. Qxg3 Rd6 27. Rxa5 Rxd4 28. Rab5 Kb7 29. a4 Rhd8 30. Kh2 Qd6 31. a5 Qxg3+ 32. Kxg3 R8d6 33. axb6 Rxb6 34. R1b4 Kc6 35. Rxb6+ cxb6 36. Ra4 Kb5 37. Ra7 h5 38. Rf7 Rf4 39. h4 Rg4+ 40. Kf3 Rxh4 41.
g3 Rd4 42. Rxf6 Kc5 43. Rg6 g4+ 44. Ke3 Rd5 45. Rh6 b5 46. Rh8 Kb4 47. Ke4 Rd2 0-1

[Event "Early-Titled-Tuesday-Blitz-February-06-2024"]
[Site "Chess.com"]
[Date "2024.02.06"]
[Round "9"]
[White "ScofieldMichael01"]
[Black "scarabee43"]
[Result "0-1"]
[WhiteElo "2630"]
[BlackElo "2860"]
[TimeControl "180+1"]
[EndTime "9:45:22 PST"]
[Termination "scarabee43 won on time"]

1. d4 Nf6 2. Nf3 d5 3. Bf4 e6 4. e3 c5 5. c3 Nc6 6. Nbd2 Be7 7. h3 O-O 8. Bd3 b6 9. O-O Bb7 10. a4 Rc8 11. Ne5 Nxe5 12. Bxe5 Bd6 13. Bxd6 Qxd6 14. a5 e5 15. dxe5 Qxe5 16. Nf3 Qe7 17. axb6 axb6 18.
Ra7 Ra8 19. Qa4 Qc7 20. Ra1 Rxa7 21. Qxa7 g6 22. Qa4 Ra8 23. Qd1 Qb8 24. Bc2 Kg7 25.
Qb1 d4 26. Rxa8 Qxa8 27. Ne1 dxe3 28. fxe3 Qe8 29. Qc1 Qe5 30. Qd2 Nd5 31. e4 Nf6 32.
Nf3 Qg3 33. Qe3 Nh5 34. Qg5 Qxg5 35. Nxg5 h6 36. Nf3 Kf6 37. Kf2 Nf4 38. Kg3 Ne6 39. Kf2 Nd8 40. Ke3 Nc6 41. g4 Na5 42. b3 Bc8 43. c4 Nc6 44. Kf4 g5+ 45. Ke3 Be6 46. Bd3 Ke7 47. Be2 Kd6 48. Nd2 f6 49. Nf3 Bf7 50.
Nd2 Ne5 51. Nf3 Ng6 52. Nd2 Nf4 53. Bf1 Bg6 54. Nf3 Ne6 55. h4 Be8 56. hxg5 hxg5 57.
Nd2 Bd7 58. Be2 Nd4 59. Bd1 Be6 60. Kd3 Nc6 61. Ke3 Ne5 62. Nf3 Nxg4+ 63. Ke2 Ne5 64. Nxe5 Kxe5 65. Ke3 Bd7 66. Bf3 Bc6 67. Bg2 f5 0-1

[Event "Early-Titled-Tuesday-Blitz-February-06-2024"]
[Site "Chess.com"]
[Date "2024.02.06"]
[Round "9"]
[White "Payyappat"]
[Black "Mops_2004"]
[Result "1/2-1/2"]
[WhiteElo "2509"]
[BlackElo "2679"]
[TimeControl "180+1"]
[EndTime "9:45:22 PST"]
[Termination "Game drawn by repetition"]

1. e4 c6 2. d4 d5 3. Nc3 dxe4 4. Nxe4 Nf6 5. Nxf6+ exf6 6. Bc4 Bd6 7. Qe2+ Qe7 8.
Qxe7+ Kxe7 9. Ne2 Bf5 10. c3 Nd7 11. Bf4 a5 12. O-O-O b5 13. Bb3 a4 14. Bc2 Bxc2 15.
Kxc2 Nb6 16. Rhe1 Bxf4 17. Nxf4+ Kd6 18. Nh5 Rhg8 19. Re2 Nd5 20. Rde1 g6 21. Ng3 f5 22. Re5 Ra7 23. h4 Nf4 24. h5 Nxg2 25. hxg6 hxg6 26.
Rg1 Nh4 27. Rh1 Nf3 28. Nxf5+ gxf5 29. Rxf5 Ng1 30. Rh6+ Kc7 31. Rxf7+ Kb6 32. Rxa7 Kxa7 33. Rxc6 Ne2 34. Kd3 Nf4+ 35. Ke4 Nh3 36. f4 Re8+ 37. Kd5 Nxf4+ 38. Kc5 Rb8 39. Rc7+ Ka6 40. Rc6+ Ka5 41. b4+ axb3 42. axb3 Nd3+ 43. Kd6 Rd8+ 44. Kc7 Rd5 45. Kb7 Rd7+ 46. Rc7 Rd8 47. Rc6 Rd7+ 48. Rc7 Rxc7+ 49. Kxc7 Nc1 50. d5 Nxb3 51. d6 Nc5 52. Kc6 Ne6 53.
d7 Ka4 54. Kd6 Nd8 55. Kc7 Nf7 56. Kb6 Nd8 57. Kc7 Ne6+ 58. Kd6 Nd8 59. Kc7 1/2-1/2

[Event "Early-Titled-Tuesday-Blitz-February-06-2024"]
[Site "Chess.com"]
[Date "2024.02.06"]
[Round "9"]
[White "jaskol95"]
[Black "alvarorodriguezavila"]
[Result "1-0"]
[WhiteElo "2580"]
[BlackElo "2365"]
[TimeControl "180+1"]
[EndTime "9:45:24 PST"]
[Termination "jaskol95 won on time"]

1. e4 c5 2. Nf3 g6 3. d4 Bg7 4. c3 cxd4 5. cxd4 d5 6. e5 Bg4 7.
Nc3 Nc6 8. Be2 Nh6 9. h3 Bxf3 10. Bxf3 Nf5 11. Be3 e6 12. g4 Nxe3 13. fxe3 Qh4+ 14. Ke2 O-O 15. Qe1 Qe7 16. h4 f6 17. h5 fxe5 18. hxg6 hxg6 19. Nxd5 exd5 20. Bxd5+ Rf7 21. Qf2 Kf8 22.
Bxf7 Qxf7 23. Raf1 Qxf2+ 24. Rxf2+ Ke7 25. Rh7 Rg8 26. d5 Nb4 27. e4 Na6 28. g5 Nc5 29. Ke3 Nd7 30. Rh1 Kd6 31. Rf7 Bf8 32. Rhh7 Nb6 33. b3 Kc5 34. Rc7+ Kb5 35. Rxb7 Bc5+ 36. Ke2 Rf8 37.
Rhf7 Rh8 38. Rh7 Rf8 39. Rbf7 Ra8 40. Rxa7 Rf8 41. Raf7 Ra8 42. a4+ Kb4 43. Rb7 Kxb3 44. Rhc7 Bd4 45. Rc6 Rxa4 46. Rcxb6+ Bxb6 47. Rxb6+ Kc4 48. Rxg6 Kd4 49. Kf3 Ra3+ 50. Kg4 Kxe4 51. d6 Ra1 52. d7 Rd1 53. Rg7 Rd2 54. Re7 Rd1 55. g6 Rg1+ 56. Kh5 Kf5 57. Rf7+ Ke6 58. d8=Q 1-0

[Event "Early-Titled-Tuesday-Blitz-February-06-2024"]
[Site "Chess.com"]
[Date "2024.02.06"]
[Round "9"]
[White "esrosenberg"]
[Black "Kaissa10"]
[Result "1/2-1/2"]
[WhiteElo "2428"]
[BlackElo "2307"]
[TimeControl "180+1"]
[EndTime "9:45:24 PST"]
[Termination "Game drawn by repetition"]

1. c4 e6 2. g3 d5 3. Bg2 dxc4 4. Qa4+ Qd7 5. Qxc4 Nf6 6. Nc3 Be7 7. Nf3 O-O 8. O-O a6 9. a4 Nc6 10. d3 Na5 11. Qa2 c5 12. Bd2 Qc7 13. Rac1 Nc6 14. Qb1 Rb8 15. Nd1 Qd7 16. b3 b5 17. axb5 axb5 18.
Bf4 Bd6 19. Bxd6 Qxd6 20. Qb2 Bb7 21. Nc3 Ba8 22. Nd2 Nd4 23. Nde4 Nxe4 24. Nxe4 Qe5 25. Kh1 Bxe4 26. Bxe4 f5 27. Bg2 Qxe2 28. Qxe2 Nxe2 29.
Rxc5 Rfc8 30. Re5 Nd4 31. b4 Kf7 32. g4 g6 33. gxf5 gxf5 34. Ra1 Rc3 35. h4 Kf6 36. Rc5 Rxc5 37. bxc5 Rc8 38. c6 Nxc6 39. Rc1 Ne7 40. Rb1 Rb8 41. f4 Nd5 42. Bxd5 exd5 43. Rb4 Ke6 44. Kg2 Kd6 45. d4 Kc6 46. Kf3 h5 47. Rb1 b4 48. Rc1+ Kd6 49. Ke3 b3 50. Kd3 b2 51.
Rb1 Rb3+ 52. Kc2 Rb4 53. Kc3 Rc4+ 54. Kd3 Rb4 55. Kc3 Rc4+ 56. Kd3 Rb4 57. Kc3 1/2-1/2

[Event "Early-Titled-Tuesday-Blitz-February-06-2024"]
[Site "Chess.com"]
[Date "2024.02.06"]
[Round "9"]
[White "xakevicius91"]
[Black "ValentunHulka"]
[Result "0-1"]
[WhiteElo "2606"]
[BlackElo "2811"]
[TimeControl "180+1"]
[EndTime "9:45:25 PST"]
[Termination "ValentunHulka won by resignation"]

1. e4 c5 2. Nf3 Nc6 3. Bc4 Nf6 4. e5 Ng4 5. Qe2 f6 6. exf6 Nxf6 7. c3 d5 8. Bb5 c4 9. O-O e6 10. d4 cxd3 11. Bxd3 Bd6 12. Bg5 O-O 13. Nd4 e5 14. Nb3 h6 15. Bh4 Bg4 16. f3 Bh5 17. N1d2 e4 18.
Bc2 Ne5 19. Nd4 Bc5 20. Bf2 Re8 21. Qb5 Qc7 22. fxe4 a6 23. Qb3 Bf7 24. Nf5 dxe4 25. c4 Bxf2+ 26. Rxf2 Neg4 27. Qg3 Qxg3 28. hxg3 Nxf2 29.
Kxf2 Rad8 30. Rd1 Ng4+ 31. Ke2 Bh5 32. Ke1 e3 33. Nf3 Rxd1+ 34. Bxd1 Ne5 35. Be2 Nxf3+ 36.
gxf3 Bg6 37. Nd6 Re7 38. c5 Bf7 39. a3 Bd5 40. b4 h5 41. f4 g6 42. f5 Kg7 43. Bd3 Bf7 44. Nxf7 Rxf7 45. fxg6 Rf2 46. a4 Ra2 47. b5 Rxa4 48. bxa6 bxa6 49. Ke2 Ra5 50. c6 Rc5 51. Be4 a5 52. Kxe3 a4 53.
Kd4 Rc1 54. Bd5 a3 55. Bc4 Rxc4+ 56. Kxc4 a2 57. c7 a1=Q 58. Kc5 Qa6 59. Kd5 Kxg6 0-1

[Event "Early-Titled-Tuesday-Blitz-February-06-2024"]
[Site "Chess.com"]
[Date "2024.02.06"]
[Round "9"]
[White "Ural_bogatyr"]
[Black "ulises2013"]
[Result "1/2-1/2"]
[WhiteElo "2571"]
[BlackElo "2731"]
[TimeControl "180+1"]
[EndTime "9:45:27 PST"]
[Termination "Game drawn by repetition"]

1. d4 g6 2. e4 Bg7 3. h4 h6 4. Nc3 c5 5. Be3 Qa5 6. Qd2 Nf6 7. dxc5 Nc6 8. f3 b6 9. Nd5 Qxd2+ 10. Kxd2 Nxd5 11.
exd5 Nb4 12. c4 bxc5 13. Bxc5 a5 14. Ne2 d6 15. Bd4 O-O 16. Bxg7 Kxg7 17. Nd4 Na6 18. Bd3 Nc5 19. Bc2 Rb8 20. b3 Bd7 21. h5 g5 22.
Rhe1 Rfe8 23. Rab1 Kf6 24. a3 Na6 25. Kc3 Rec8 26.
Re3 Nc7 27. Kd2 Na6 28. Kc3 Rb7 29. Rbe1 Re8 30. Rb1 e5 31. dxe6 fxe6 32. b4 e5 33. Ne2 Rc8 34. Ng3 d5 35. Kd2 Rxc4 36. Bd3 Rd4 37. Ne2 Rxd3+ 38. Rxd3 Bf5 39. Rxd5 Bxb1 40.
Rd6+ Kg7 41. Rxa6 axb4 42. axb4 Rxb4 43. Ke3 e4 44. Ra7+ Kg8 45. f4 Rb3+ 46. Kd4 Rb2 47. Ke3 Bd3 48. Nd4 gxf4+ 49. Kxf4 Rxg2 50. Nf5 Rf2+ 51. Ke5 Kf8 52. Kf6 Ke8 53. Ke6 Kd8 54. Nd6 Bc4+ 55. Nxc4 Kc8 56. Nd6+ Kb8 57. Ra4 e3 58. Re4 e2 59. Re5 Rh2 60. Nf7 Kb7 61. Nxh6 Rxh5 62. Rxe2 Rxh6+ 63. Kd5 Kc7 64. Re5 Kd7 65. Rg5 Ra6 66.
Rg7+ Ke8 67. Rb7 Kd8 68. Rh7 Ke8 69. Rg7 Kd8 70. Rb7 Ke8 71. Rh7 Kd8 72. Rg7 Ke8 73.
Rh7 Kd8 74. Rg7 Ke8 1/2-1/2

[Event "Early-Titled-Tuesday-Blitz-February-06-2024"]
[Site "Chess.com"]
[Date "2024.02.06"]
[Round "9"]
[White "Arlo2024"]
[Black "ProChessWICTH"]
[Result "0-1"]
[WhiteElo "2311"]
[BlackElo "2522"]
[TimeControl "180+1"]
[EndTime "9:45:28 PST"]
[Termination "ProChessWICTH won on time"]

1. e4 c5 2. Nc3 Nc6 3. g3 g6 4. Bg2 Bg7 5. d3 e6 6. Be3 d6 7. Qd2 Nge7 8. Bh6 O-O 9. Bxg7 Kxg7 10. Nge2 Rb8 11. O-O b5 12. a3 a5 13. Nd1 Bb7 14.
Ne3 Ra8 15. c3 b4 16. axb4 axb4 17. Ng4 Ng8 18. Ne3 Na5 19. Nc1 Nc6 20. Ne2 Qc7 21.
Rxa8 Rxa8 22. f4 Qa5 23. f5 bxc3 24. bxc3 Qa2 25. Qxa2 Rxa2 26. Nf4 Bc8 27. Nc4 exf5 28. exf5 Ne5 29. Nxd6 Bxf5 30. Nxf5+ gxf5 31. d4 cxd4 32. cxd4 Ng4 33. Re1 Rd2 34. d5 Kf8 35. h3 N4f6 36.
Re5 Ne7 37. Kf1 Nd7 38. Re3 Ng6 39. Nh5 Nge5 40. Ra3 Ke7 41. Ra7 Nd3 42. Nf4 Nxf4 43. gxf4 Rd4 44. Ke2 Rxf4 45. Ke3 Rb4 46. Ra6 Rb6 47. Ra7 Rb4 48. Ra6 Rb6 49. Ra7 Kd6 50. Ra8 Ke5 51. Re8+ Kf6 52. Rh8 Ne5 53. Rxh7 Rb3+ 54.
Kd4 Ng6 0-1

[Event "Early-Titled-Tuesday-Blitz-February-06-2024"]
[Site "Chess.com"]
[Date "2024.02.06"]
[Round "9"]
[White "unclear15"]
[Black "Timerkhanov"]
[Result "0-1"]
[WhiteElo "2431"]
[BlackElo "2658"]
[TimeControl "180+1"]
[EndTime "9:45:29 PST"]
[Termination "Timerkhanov won by resignation"]

1. e4 c5 2. d4 cxd4 3. c3 dxc3 4.
Nxc3 e6 5. Nf3 a6 6. Bc4 Ne7 7. O-O Ng6 8. e5 d6 9. exd6 Bxd6 10. Qe2 O-O 11. Ng5 h6 12. Nf3 Nc6 13. Be3 b5 14.
Bd3 Nce5 15. Be4 Rb8 16. Nxe5 Nxe5 17. Rad1 Qe7 18. f4 Nc4 19. Bc1 Bb7 20. Bxb7 Qxb7 21.
Ne4 Be7 22. b3 Nb6 23. f5 exf5 24. Rxf5 Rbe8 25. Qf3 Qxe4 26. Qxe4 Bc5+ 27. Rxc5 Rxe4 28. Rc6 Re6 29. Rdd6 Rfe8 30. Bd2 Rxd6 31. Rxd6 Re6 32. Rd8+ Kh7 33. Kf2 Rc6 34. Ke2 Nc8 35. Rd7 Kg6 36. Be3 Nd6 37. Bd4 Nf5 38. Be5 Rc2+ 39. Kd3 Rxa2 40. g4 Nh4 41. Bf4 Nf3 42. Rd6+ f6 43. h4 h5 44. gxh5+ Kxh5 45. Rd7 g6 46. Rh7+ Kg4 47. Bc7 Nxh4 48. Bd8 Rf2 49. Kd4 g5 50. Kc5 f5 51. Kb6 Ra2 52. Rg7 Nf3 53. b4 f4 54. Kc6 Kf5 55. Ba5 g4 56. Rf7+ Ke4 57. Bc7 Ne5+ 58. Kd6 Nxf7+ 0-1

[Event "Early-Titled-Tuesday-Blitz-February-06-2024"]
[Site "Chess.com"]
[Date "2024.02.06"]
[Round "9"]
[White "FontVella8"]
[Black "Genghis_K"]
[Result "0-1"]
[WhiteElo "2769"]
[BlackElo "2912"]
[TimeControl "180+1"]
[EndTime "9:45:31 PST"]
[Termination "Genghis_K won by resignation"]

1. Nf3 d5 2. b3 Nf6 3. Bb2 Bg4 4. Ne5 Bf5 5. g3 Nbd7 6. Bg2 Nxe5 7. Bxe5 e6 8. O-O Bd6 9. Bb2 h5 10. c4 h4 11. Nc3 c6 12. cxd5 cxd5 13. d3 hxg3 14.
hxg3 Ng4 15. e4 Bxg3 16. fxg3 dxe4 17. Nxe4 Qb6+ 18. d4 Ne3 19. Qf3 Nxf1 20. Rxf1 Rc8 21. Nc5 Rc7 22. Qe3 O-O 23. Qe5 Rd8 24. Na4 Qd6 25.
Qxd6 Rxd6 26. Nc5 b6 27. Ne4 Rdc6 28. d5 Rc2 29. d6 Rd7 30. Be5 Rxg2+ 31. Kxg2 Bxe4+ 32. Kf2 f6 33. Ke3 Bb7 34. Bd4 Rxd6 35. Rc1 Rd7 36.
Bb2 Kf7 37. g4 Kg6 38. a4 Bd5 39. b4 a6 40. Bd4 b5 41. a5 Bc4 42. Rg1 e5 43. Bc5 Kf7 44. g5 Rd3+ 45. Kf2 Ke6 46. gxf6 gxf6 47. Rg7 Rd7 48. Rg8 f5 49. Ra8 f4 50.
Rxa6+ Kf5 51. Rd6 Rxd6 52. Bxd6 e4 53. a6 e3+ 54. Kg2 Ke4 55. a7 f3+ 56. Kg3 Bd5 57. Bc5 Kd3 58. Bb6 Ke2 59. Kf4 f2 60. a8=Q Bxa8 61. Ke5 f1=Q 0-1

[Event "Early-Titled-Tuesday-Blitz-February-06-2024"]
[Site "Chess.com"]
[Date "2024.02.06"]
[Round "9"]
[White "RobertoJBM"]
[Black "Korchmar_Vasiliy"]
[Result "1/2-1/2"]
[WhiteElo "2809"]
[BlackElo "2716"]
[TimeControl "180+1"]
[EndTime "9:45:31 PST"]
[Termination "Game drawn by repetition"]

1. d4 d5 2. Nf3 Nf6 3. e3 g6 4.
Be2 Bg7 5. O-O O-O 6. c4 e6 7.
b3 b6 8. Ba3 Re8 9. Nc3 Bb7 10.
Rc1 Nbd7 11. Qc2 c5 12. dxc5 Nxc5 13. Rfd1 Rc8 14. Qb1 Nfe4 15. Nxe4 Nxe4 16. Bb2 Bxb2 17. Qxb2 Qe7 18. cxd5 Bxd5 19. Ba6 Rxc1 20. Rxc1 Nc5 21. Bb5 Bxf3 22. gxf3 Rd8 23. Qc2 Qf6 24. Be2 e5 25.
Rd1 Rf8 26. Qc4 Ne6 27. Rd6 Qe7 28. Qd5 Qg5+ 29. Kf1 Rc8 30. Bc4 Re8 31. Qe4 Nc5 32. Qg4 Qe7 33. Rd5 Rd8 34. Ke2 Rxd5 35. Bxd5 Kg7 36.
Qc4 Nd7 37. Qc7 Kf6 38. f4 exf4 39. Qxf4+ Kg7 40. Qc7 Kf6 41. Qxa7 Qd6 42. Bc4 Ne5 43. f4 Nxc4 44. bxc4 Qc6 45. Kf2 Kg7 46. Qa6 Qh1 47.
Qxb6 Qxh2+ 48. Ke1 Qg1+ 49. Kd2 Qg2+ 50. Kc3 h5 51.
Qd4+ Kh7 52. Qd2 Qe4 53. Qf2 Qf5 54. Qh4 Qe6 55. Kd4 Qd6+ 56. Ke4 Qe6+ 57. Kd4 Qd6+ 58. Ke4 Qe6+ 59. Kd4 1/2-1/2